 Dungeon Crawl Stone Soup version 0.28-a0-474-g535839065c (webtiles) character file.

Game seed: 11450142150187086165

9203 frimble the Slicer (level 11, -3/78 HPs)
             Began as an Octopode Warper on Sept 16, 2021.
             Was a Follower of Cheibriados.
             Slain by an ogre mage (15 damage)
             ... while paralysed by an ogre mage
             ... on level 11 of the Dungeon.
             The game lasted 00:22:20 (13938 turns).

frimble the Slicer (Octopode Warper)               Turns: 13938, Time: 00:22:21

Health: -3/78      AC:  1    Str: 19    XL:     11   Next: 42%
Magic:  15/15      EV:  2    Int: 27    God:    Cheibriados [*.....]
Gold:   589        SH:  0    Dex: 16    Spells: 11/14 levels left

rFire   . . .      SeeInvis +   b - +1 dagger (venom)
rCold   + . .      Faith    .   (no shield)
rNeg    . . .      Spirit   .   (helmet restricted)
rPois   .          Reflect  .   F - amulet of regeneration
rElec   .          Harm     .   p - +6 ring of strength
rCorr   +          Rampage  .   r - ring of protection from cold
Will    .....                   C - ring of resist corrosion
Stlth   +++++.....              E - +6 ring of intelligence
HPRegen 1.23/turn               J - ring of see invisible
MPRegen 0.14/turn               (no ring)
                                (no ring)
                                (no ring)

@: paralysed, very slow
A: almost no armour, amphibious, 8 rings, camouflage 1, gelatinous body 1,
(nimble swimmer 1), tentacles
a: Renounce Religion, Bend Time


You were on level 11 of the Dungeon.
You worshipped Cheibriados.
Cheibriados was aware of your devotion.
You visited 1 branch of the dungeon, and saw 11 of its levels.

You collected 589 gold pieces.

Inventory:

Hand Weapons
 a - a +0 short sword of electrocution
 b - a +1 dagger of venom (weapon)
Missiles
 c - 4 boomerangs of dispersal
 e - 6 boomerangs (quivered)
 i - 7 silver boomerangs
 j - 30 poisoned darts
 k - 3 curare-tipped darts
 M - a throwing net
Armour
 w - a +0 kite shield
Jewellery
 g - an amulet of magic regeneration
 n - a ring of flight
 p - a +6 ring of strength (left tentacle)
 r - a ring of protection from cold (right tentacle)
 y - a ring of fire
 C - a ring of resist corrosion (on tentacle)
 E - a +6 ring of intelligence (on tentacle)
 F - an amulet of regeneration (around mantle)
 J - a ring of see invisible (on tentacle)
Wands
 s - a wand of polymorph (31)
 v - a wand of charming (3)
 z - a wand of iceblast (2)
 D - a wand of flame (25)
 G - a wand of mindburst (14)
Scrolls
 f - 3 scrolls of teleportation
 o - 2 scrolls of brand weapon
 u - a scroll of blinking
 A - a scroll of immolation
 B - 4 scrolls of identify
 H - a scroll of enchant weapon
 L - a scroll of fog
Potions
 d - 3 potions of flight
 h - 2 potions of heal wounds
 l - 2 potions of resistance
 m - 3 potions of invisibility
 q - a potion of magic
 t - a potion of attraction
 x - a potion of mutation {unknown}
 I - a potion of lignification {unknown}
 K - a potion of curing


   Skills:
 + Level 8.6 Fighting
 - Level 9.8(10.0) Short Blades
 - Level 2.2(6.6) Long Blades
 - Level 6.0 Throwing
 - Level 2.3 Dodging
 + Level 7.0 Stealth
 + Level 1.4 Shields
 - Level 2.0 Spellcasting
 - Level 4.0 Translocations
 + Level 6.2 Invocations
 - Level 6.3 Evocations


You had 11 spell levels left.
You knew the following spells:

 Your Spells              Type           Power      Damage    Failure   Level
a - Blink                 Tloc           N/A        N/A       2%          2
b - Apportation           Tloc           48%        N/A       1%          1

Your spell library contained the following spells:

 Spells                   Type           Power      Damage    Failure   Level
 Gell's Gravitas          Tloc           12%        N/A       5%          3
 Lesser Beckoning         Tloc           24%        N/A       5%          3
 Teleport Other           Tloc           24%        N/A       5%          3
 Summon Small Mammal      Summ           8%         N/A       10%         1
 Static Discharge         Conj/Air       2%         N/A       14%         2
 Call Canine Familiar     Summ           2%         N/A       28%         3
 Summon Guardian Golem    Hex/Summ       2%         N/A       28%         3
 Manifold Assault         Tloc           24%        N/A       45%         5
 Dispel Undead            Necr           2%         3d7       67%         4
 Sticky Flame             Conj/Fire      2%         2d3       67%         4
 Alistair's Intoxication  Tmut/Pois      1%         N/A       95%         5
 Invisibility             Hex            1%         N/A       100%        6
 Chain Lightning          Conj/Air       1%         3d1       100%        9
 Fire Storm               Conj/Fire      1%         7d1       100%        9
 Shatter                  Erth           1%         3d5*      100%        9


Dungeon Overview and Level Annotations

Branches:
Dungeon (11/15)            Temple (0/1) D:7            Lair (0/6) D:10
    Orc (0/2) D:10

Altars:
Cheibriados
Dithmenos
Elyvilon
Fedhas
Hepliaklqana
Makhleb
Nemelex Xobeh
Okawaru
Ru
Uskayaw
Vehumet

Shops:
D:2 :

Annotations:
D:10 exclusion: 2 oklob plants


Innate Abilities, Weirdness & Mutations

You cannot wear most types of armour.
You are amphibious.
You can wear up to eight rings at the same time.
Your skin changes colour to match your surroundings (Stealth+).
Your rubbery body absorbs attacks. (AC +1, EV +1)
((You are camouflaged near water. (Stealth+)))
You have tentacles for arms and can constrict up to eight enemies at once.


Message History

You hit the killer bee.
The killer bee is poisoned.
You squeeze the killer bee!
You kill the killer bee!
Cheibriados thoroughly appreciates the change of pace.
You feel sick.
You see here a killer bee corpse.
You feel sick.
You feel sick.
You feel sick.
You feel sick.
You feel sick.
You are no longer poisoned.
Magic restored.
You open the door.
Found a glowing flail.
There is an open door here.
You open the door.
Found an escape hatch in the ceiling.
There is an open door here.
There is an escape hatch in the ceiling here.
There is an open door here.
There is an open door here.
You open the door.
A two-headed ogre comes into view.
It is wielding a +0 giant club and a +0 giant spiked club.
A two-headed ogre is nearby!
A two-headed ogre is nearby!
A two-headed ogre is nearby! 2 ogres, a two-headed ogre and an ogre mage come into view.
There is an open door here.
The ogre mage gestures at you while chanting.
You suddenly lose the ability to move!
The ogre shouts! x2
The two-headed ogre shouts in stereo!
The ogre mage hits you with a +0 whip! The ogre mage hits you with a +0 whip.
The ogre hits you with a +0 giant club!!
The two-headed ogre hits you with a +0 giant club!
The two-headed ogre hits you with a +0 giant spiked club!!
* * * LOW HITPOINT WARNING * * *
The ogre mage hits you with a +0 whip!
You die...

.......#......'.....#<......#
########......#.....'.......#
..............#.)...#.......#
.......≈......#.....#.......#
......P†≈.....###############
#####.≈≈≈.....##...##...
##≈≈♣.....##........
#.†♣......'........
###......##@O.##..
#...<..##OO.# #......#.OO..+
#......#....## ###+#####...#
#.... #..... #......


You could see 2 two-headed ogres, an ogre mage and 2 ogres.

Vanquished Creatures
  3 two-headed ogres
  A komodo dragon (D:10)
  A troll (D:8)
  Sigmund (D:3)
  A water elemental (D:11)
  A shadow (D:9)
  A wyvern (D:6)
  11 yaks (D:10)
  2 wraiths
  An acid dragon (D:10)
  2 sky beasts
  2 ice beasts
  2 black bears
  2 necrophages
  2 centaurs
  2 orc warriors
  3 phantoms
  5 kobold brigands
  2 bullfrogs
  3 scorpions
  4 killer bees (D:11)
  3 howler monkeys
  3 wights (D:8)
  4 centaur zombies
  A crimson imp (D:10)
  A centaur skeleton (D:6)
  4 hounds
  3 orc priests
  A gnoll shaman (D:4)
  5 iguanas
  A scorpion zombie (D:5)
  Natasha (twice) (D:2)
  6 orc wizards
  A killer bee zombie (D:8)
  A hound zombie (D:5)
  A hound skeleton (D:4)
  Robin (D:2)
  3 gnolls (D:4)
  A howler monkey skeleton (D:5)
  4 adders
  A shadow imp (D:6)
  2 white imps
  An ufetubus (D:7)
  An adder zombie (D:5)
  3 worms
  A dart slug (D:2)
  26 orcs
  8 bats
  10 endoplasms
  2 giant cockroaches
  15 goblins
  7 hobgoblins
  2 quokkas
  6 ball pythons
  2 frilled lizards (D:1)
  11 kobolds
  5 rats
  A spectral kobold (D:7)
202 creatures vanquished.

Vanquished Creatures (collateral kills)
  2 yaks (D:10)
  A centaur skeleton (D:7)
3 creatures vanquished.

Vanquished Creatures (others)
  A yak (D:10)
  A water moccasin (D:7)
  A centaur (D:7)
  A hound (D:7)
  A plant (D:11)
5 creatures vanquished.

Grand Total: 210 creatures vanquished

Notes
Turn   | Place    | Note
-------+----------+-------------------------------------------
     0 | D:1      | frimble the Octopode Warper began the quest for the Orb.
     0 | D:1      | Reached XP level 1. HP: 14/14 MP: 3/3
    61 | D:1      | Reached skill level 1 in Stealth
   258 | D:1      | Reached XP level 2. HP: 19/19 MP: 5/5
   422 | D:1      | Found a faded altar of an unknown god.
   942 | D:2      | Reached XP level 3. HP: 24/24 MP: 6/6
  1084 | D:2      | Noticed Robin
  1089 | D:2      | Reached skill level 3 in Short Blades
  1761 | D:2      | Reached XP level 4. HP: 29/29 MP: 7/7
  1764 | D:2      | Learned a level 2 spell: Blink
  1787 | D:2      | Noticed Natasha
  1799 | D:2      | Killed Natasha
  1933 | D:2      | Found Akuxt's Book Shoppe.
  2066 | D:2      | Noticed Natasha
  2078 | D:2      | Killed Natasha
  2311 | D:2      | Reached XP level 5. HP: 34/34 MP: 8/8
  2487 | D:2      | Killed Robin
  2668 | D:3      | Noticed Sigmund
  2677 | D:3      | Killed Sigmund
  2678 | D:3      | Reached skill level 4 in Short Blades
  2678 | D:3      | Reached XP level 6. HP: 26/39 MP: 9/9
  3902 | D:4      | Reached skill level 5 in Short Blades
  4417 | D:4      | Found a sacrificial altar of Ru.
  4566 | D:4      | Reached XP level 7. HP: 45/45 MP: 10/10
  4730 | D:5      | Entered Level 5 of the Dungeon
  5175 | D:5      | Reached skill level 6 in Short Blades
  6003 | D:6      | Reached XP level 8. HP: 51/51 MP: 11/11
  6050 | D:6      | Reached skill level 1 in Evocations
  6311 | D:6      | Noticed a wyvern
  6317 | D:6      | Killed a wyvern
  6318 | D:6      | Reached skill level 7 in Short Blades
  7078 | D:5      | Found a shadowy altar of Dithmenos.
  7729 | D:6      | Reached XP level 9. HP: 35/59 MP: 10/12
  7857 | D:6      | Learned a level 1 spell: Apportation
  8304 | D:7      | Found a staircase to the Ecumenical Temple.
  8372 | D:7      | Identified the +5 long sword of the Endless Expanse {speed,
                  | Fragile rElec rCorr Str+3}
  8388 | D:7      | Found a sparkling altar of Nemelex Xobeh.
  8822 | D:6      | Reached skill level 1 in Long Blades
  8907 | D:6      | Reached skill level 5 in Fighting
  9506 | D:7      | Found a hazy altar of Hepliaklqana.
  9580 | D:7      | Found a white marble altar of Elyvilon.
  9761 | D:8      | Reached skill level 5 in Evocations
  9870 | D:8      | Noticed a two-headed ogre
  9931 | D:8      | Killed a two-headed ogre
  9932 | D:8      | Reached skill level 8 in Short Blades
  9932 | D:8      | Reached skill level 5 in Throwing
  9932 | D:8      | Reached XP level 10. HP: 68/68 MP: 13/13
 11058 | D:8      | Found an iron altar of Okawaru.
 11058 | D:8      | Found a snail-covered altar of Cheibriados.
 11059 | D:8      | Found a blossoming altar of Fedhas.
 11089 | D:8      | Found a hide-covered altar of Uskayaw.
 11581 | D:8      | Became a worshipper of Cheibriados the Contemplative
 11924 | D:10     | Entered Level 10 of the Dungeon
 11940 | D:10     | Noticed an oklob plant
 11943 | D:10     | Noticed an oklob plant
 12083 | D:10     | Noticed a two-headed ogre
 12110 | D:10     | Killed a two-headed ogre
 12258 | D:10     | Found a burning altar of Makhleb.
 12258 | D:10     | Found a radiant altar of Vehumet.
 12460 | D:10     | Reached skill level 9 in Short Blades
 12821 | D:10     | Reached XP level 11. HP: 39/76 MP: 14/14
 12829 | D:10     | Reached * piety under Cheibriados
 12938 | D:10     | Found a staircase to the Orcish Mines.
 13082 | D:10     | Found a staircase to the Lair.
 13096 | D:10     | Reached skill level 5 in Invocations
 13723 | D:11     | Noticed a two-headed ogre
 13726 | D:11     | Killed a two-headed ogre
 13727 | D:11     | Reached skill level 1 in Shields
 13932 | D:11     | Noticed a two-headed ogre
 13933 | D:11     | Noticed an ogre mage
 13933 | D:11     | Noticed a two-headed ogre
 13934 | D:11     | Paralysed by an ogre mage for 6 turns
 13938 | D:11     | Slain by an ogre mage

Illustrated notes

Levels and vault maps discovered:
D:1:      lemuel_arrival_funnel, layout_loops_cross,
          ebering_ecumenical_altar_abandoned
D:2:      layout_basic, serial_shops, nicolae_square_shop, uniq_natasha,
          uniq_robin
D:3:      layout_loops_corners, uniq_sigmund
D:4:      layout_basic, nicolae_ru_great_annihilating_truth
D:5:      layout_rooms, old_standard_altar
D:6:      layout_loops_corners
D:7:      layout_rooms, elyvilon_altar_3,
          nicolae_hepliaklqana_monster_ancestors, temple_statues,
          minmay_ruined_shrine
D:8:      layout_loops_ring, nicolae_overflow_quartered_altars
D:9:      layout_loops_ring
D:10:     layout_stronghold, grunt_temple_overflow_lords_of_destruction,
          dpeg_oklobed_lair, orc_0_dummy
D:11:     layout_gridville, serial_bayou, serial_bayou_pond_e,
          serial_bayou_pond_b, serial_bayou_shore_a, serial_bayou_pond_e

Skill      XL: |  1  2  3  4  5  6  7  8  9 10 11 |
---------------+----------------------------------+-----
Stealth        | 1 2 3 4 6 7 |  7.0
Short Blades   | 3 4 5 6 7 8 9 |  9.8
Evocations     | 3 5 6 |  6.3
Fighting       | 4 6 7 8 |  8.6
Translocations | 4 |  4.0
Throwing       | 3 5 6 |  6.0
Long Blades    | 2 |  2.2
Invocations    | 4 6 |  6.2
Shields        | 1 |  1.4
Dodging        | |  2.3
Spellcasting   | |  2.0

Action                   |  1- 3 |  4- 6 |  7- 9 | 10-12 || total
-------------------------+-------+-------+-------+-------++-------
Melee: Short sword       |    57 |       |    34 |    34 ||   125
       Constrict         |    14 |    21 |    32 |    14 ||    81
       Tentacles         |     7 |    21 |    40 |    72 ||   140
       Dagger            |    22 |   103 |   169 |   211 ||   505
Throw: Boomerang         |       |       |    14 |    14 ||    28
       Dart              |       |       |    22 |    14 ||    36
 Cast: Blink             |       |     1 |     9 |    26 ||    36
       Apportation       |       |       |     1 |       ||     1
Evoke: Wand              |       |       |     4 |    16 ||    20
  Use: Scroll            |     1 |     7 |     7 |       ||    15
       Potion            |       |     1 |     2 |     1 ||     4
 Stab: Sleeping          |     6 |    15 |    14 |     8 ||    43
       Distracted        |       |     3 |       |       ||     3
Armor: Skin              |     5 |     3 |    18 |    16 ||    42
Dodge: Dodged            |    67 |    30 |   100 |    99 ||   296

Table legend: (Time is in decaauts)
 A = Elapsed time spent in this place.
 B = Non-inter-level travel time spent in this place.
 C = Inter-level travel time spent in this place.
 D = Time resting spent in this place.
 E = Time spent auto-exploring this place.
 F = Levels seen in this place.
 G = Mean time per level.
                   A        B        C        D        E       F      G
               +--------+--------+--------+--------+--------+-----+--------+
         Total |  14232 |  13306 |    926 |    832 |  10198 |  11 | 1293.8 |
       Dungeon |  14232 |  13306 |    926 |    832 |  10198 |  11 | 1293.8 |
               +--------+--------+--------+--------+--------+-----+--------+

Top non-repeatable levels by time:
     D:6: 2552 daAuts
    D:10: 1798 daAuts
     D:3: 1495 daAuts
     D:1: 1280 daAuts
     D:2: 1274 daAuts
     D:4: 1221 daAuts
     D:8: 1154 daAuts
     D:5: 1121 daAuts
     D:7: 903 daAuts
     D:9: 882 daAuts
    D:11: 547 daAuts
